 Dungeon Crawl Stone Soup version 0.31-a0-1101-g9ad1905e61 (webtiles) character file.

Game seed: 4260382867511413965

576 gruber the Skirmisher (level 7, 0/38 HPs)
             Began as a Deep Elf Hunter on Dec 1, 2023.
             Was an Initiate of Hepliaklqana.
             Succumbed to a kobold's poison
             ... on level 5 of the Dungeon.
             The game lasted 00:05:46 (4156 turns).

gruber the Skirmisher (Deep Elf Hunter)             Turns: 4156, Time: 00:05:47

Health: 0/38       AC:  4    Str:  8    XL:     7   Next: 13%
Magic:  9/9        EV: 13    Int: 18    God:    Hepliaklqana [......]
Gold:   372        SH:  0    Dex: 23    Spells: 6/6 levels left

rFire   . . .        q - +11 short sword of Profit {protect, rC- Int+4 Dex+3 SInv}
rCold   x . .        (no shield)
rNeg    . . .        c - +0 leather armour
rPois   .            k - +0 helmet
rElec   .            (no cloak)
rCorr   .            (no gloves)
SInv    +            (no boots)
Will    .....        (no amulet)
Stlth   ++           (no ring)
HPRegen 0.26/turn    (no ring)
MPRegen 0.11/turn

%: no passive effects
@: lethally poisoned (0 -> -11), hasted, very quick
A: no striking features
a: Renounce Religion


You were on level 5 of the Dungeon.
You worshipped Hepliaklqana.
Hepliaklqana was noncommittal.
You visited 2 branches of the dungeon, and saw 7 of its levels.

You collected 372 gold pieces.

Inventory:

Hand Weapons
 a - a +0 shortbow
 q - the +11 short sword of Profit (weapon) {protect, rC- Int+4 Dex+3 SInv}
   (You found it on level 3 of the Dungeon)

   Int+4:     It affects your intelligence (+4).
   Dex+3:     It affects your dexterity (+3).
   rC-:       It makes you vulnerable to cold.
   SInv:      It lets you see invisible.
Armour
 c - a +0 leather armour (worn)
 k - a +0 helmet (worn)
Jewellery
 m - a ring of ice
 n - a +6 ring of dexterity
Wands
 p - a wand of polymorph (6)
 x - a wand of quicksilver (2)
Scrolls
 b - 2 scrolls of butterflies
 d - 2 scrolls of revelation {unknown}
 e - a scroll of torment {unknown}
 f - a scroll of immolation {unknown}
 i - a scroll of enchant armour {unknown}
 j - a scroll of noise {unknown}
 o - 5 scrolls of identify {unknown}
 r - 2 scrolls of fear {unknown}
 s - a scroll of teleportation {unknown}
 u - 3 scrolls of blinking {unknown}
 w - a scroll of brand weapon {unknown}
Potions
 g - a potion of cancellation {unknown}
 h - 2 potions of haste
 t - a potion of brilliance {unknown}
 v - a potion of might {unknown}
 z - a potion of magic {unknown}
 A - a potion of degeneration {unknown}


   Skills:
 - Level 1.5 Fighting
 - Level 5.1 Short Blades
 - Level 8.6 Ranged Weapons
 * Level 3.3 Dodging
 - Level 1.2 Stealth


You had 6 spell levels left.
You didn't know any spells.
Your spell library contained the following spells:

 Spells                   Type           Power      Damage    Failure   Level
 Apportation              Tloc           0%         N/A       32%         1
 Necrotise                Necr           0%         1d4       32%         1
 Slow                     Hex            0%         N/A       32%         1
 Summon Small Mammal      Summ           0%         N/A       32%         1
 Confusing Touch          Hex            0%         N/A       67%         3
 Sigil of Binding         Hex            0%         N/A       67%         3
 Vampiric Draining        Necr           0%         2d6       67%         3


Dungeon Overview and Level Annotations

Branches:
Dungeon (6/15)             Temple (1/1) D:4

Altars:
Ashenzari
Cheibriados
Dithmenos
Elyvilon
Fedhas
Gozag
Hepliaklqana
Kikubaaqudgha
Makhleb
Nemelex Xobeh
Okawaru
Qazlal
Ru
Sif Muna
Trog
Uskayaw
Vehumet
Wu Jian
Xom
Yredelemnul
Zin
The Shining One

Shops:
D:3 ?

Annotations:
D:3 2 transporters


Message History

You kill the bullfrog!
The kobold throws a poisoned dart.
The poisoned dart hits you!
You are poisoned.
Your Dodging skill increases to level 3!
You feel sick.
The kobold throws a poisoned dart.
The poisoned dart hits you!
You are more poisoned.
You see here a bullfrog corpse. 2 kobolds come into view.
A kobold is wielding a +0 dagger and quivering poisoned darts.
You feel very sick.
The kobold shouts! x2
The kobold hits you but does no damage.
You puncture the kobold!
You kill the kobold!
You feel sick.
You feel sick.
You see here a bullfrog corpse.
You feel sick.
You feel sick.
A kobold brigand comes into view.
It is wielding a +0 dagger and quivering poisoned darts.
You feel sick.
The kobold brigand throws a poisoned dart.
The poisoned dart hits you!
You are more poisoned.
You feel very sick.
* * * LOW HITPOINT WARNING * * *
You feel sick.
The kobold throws a poisoned dart.
The poisoned dart closely misses you.
There is a stone staircase leading up here.
* * * LOW HITPOINT WARNING * * *
You feel very sick.
The kobold throws a poisoned dart.
The poisoned dart hits you!
You are lethally poisoned!
You climb upwards.
* * * LOW HITPOINT WARNING * * *
You feel very sick.
There is a stone staircase leading down here.
Unknown command.
It was a potion of haste.
You feel yourself speed up.
You die...

#.# #.# ###.##.# #.# # #.# #.#
##.##.# #.# # #.# #.# #..##.#
#.#### ###.# #.# #.###.#####
#.....
....######.#####.###.....###.####
####........(....)...........####
#.#####.####...#####..........
#.#####.# #...####.#.###.####
#.#.....####.@...#.###.##.#
#.#........#......## ##...#
#.#....#.>.....#.#.###.##.#
##.#.....##.#........#.###)#
###.#......##.#.....###..###.#
...###.....##.#..######.....>####
###.#......##.#..................
##....#.......#######.##.######
#######...###.### #....#


There were no monsters in sight!

Vanquished Creatures
  A water moccasin (D:5)
  A phantom (D:5)
  A scorpion (D:5)
  A bullfrog (D:6)
  A hound (D:4)
  Ijyb (D:3)
  An orc wizard (D:3)
  3 gnolls (D:2)
  7 adders
  2 worms
  9 orcs
  7 endoplasms
  3 giant cockroaches
  8 hobgoblins
  9 jackals
  9 kobolds
  10 ball pythons
  8 bats
  4 frilled lizards
  5 goblins
  5 rats
96 creatures vanquished.

Notes
Turn   | Place    | Note
-------+----------+-------------------------------------------
     0 | D:1      | gruber the Deep Elf Hunter began the quest for the Orb.
     0 | D:1      | Reached XP level 1. HP: 12/12 MP: 3/3
   146 | D:1      | Reached XP level 2. HP: 16/16 MP: 4/4
   175 | D:1      | Reached skill level 6 in Ranged Weapons
   883 | D:2      | Reached XP level 3. HP: 20/20 MP: 5/5
  1059 | D:2      | Reached skill level 7 in Ranged Weapons
  1230 | D:2      | Reached XP level 4. HP: 25/25 MP: 6/6
  1459 | D:2      | Reached skill level 8 in Ranged Weapons
  1942 | D:3      | Found a transporter.
  1992 | D:3      | Identified the +11 short sword of Profit {protect, rC-
                  | Int+4 Dex+3 SInv}
  2019 | D:3      | Noticed Ijyb
  2050 | D:3      | Killed Ijyb
  2051 | D:3      | Reached XP level 5. HP: 18/29 MP: 7/7
  2114 | D:3      | Found a transporter.
  2192 | D:3      | Reached skill level 1 in Short Blades
  2498 | D:3      | Found Rinusiff's Magic Scroll Emporium.
  2727 | D:4      | Found a glowing silver altar of Zin.
  2769 | D:4      | Found a hide-covered altar of Uskayaw.
  2949 | D:4      | Found a staircase to the Ecumenical Temple.
  3019 | Temple   | Entered the Ecumenical Temple
  3038 | Temple   | Became a worshipper of Hepliaklqana the Forgotten
  3373 | D:5      | Entered Level 5 of the Dungeon
  3425 | D:5      | Noticed a phantom
  3440 | D:5      | Killed a phantom
  3441 | D:5      | Reached XP level 6. HP: 29/34 MP: 8/8
  3700 | D:5      | Noticed a water moccasin
  3708 | D:5      | Killed a water moccasin
  3757 | D:5      | Identified the +5 rapier of Ad Valorem {freeze, *Slow rElec
                  | rN+}
  3776 | D:5      | Found the +16 obsidian axe {drain, demonic, Mesm Drain Fly
                  | SInv}
  3860 | D:5      | Reached skill level 5 in Short Blades
  3860 | D:5      | Reached XP level 7. HP: 38/38 MP: 9/9
  4156 | D:5      | Succumbed to a kobold's poison

Illustrated notes

Levels and vault maps discovered:
D:1:      amcnicky_arrival_choice, layout_loops_ring, supply_closet_lemuel,
          dreamdust_wishing_well, minmay_tree_intersection
D:2:      layout_loops_ring, serial_bayou, serial_bayou_shore_b,
          serial_bayou_lagoon_a, serial_bayou_lake_a, serial_bayou_crossing,
          serial_bayou_lagoon_b, minmay_close_crescents
D:3:      gammafunk_steamed_eel, layout_loops_cross, serial_shops,
          nicolae_shop_rolled_up, uniq_ijyb
D:4:      layout_loops_ring, mainiacjoe_overflow_two_lobes,
          minmay_temple_entry_poolview
D:5:      layout_loops_ring
D:6:      layout_cave_pools, serial_co_window_serial, co_window_paths_a,
          co_window_paths_b, co_window_paths_b, co_window_corner_a,
          co_window_corner_a, co_window_of_opportunity_a, co_window_paths_a,
          co_window_unsneaky_path_b, co_window_paths_c, co_window_broadway_b,
          co_window_broadway_c, uniq_menkaure
Temple:   nicolae_temple_slightly_damp_pantheon

Skill      XL: |  1  2  3  4  5  6  7 |
---------------+----------------------+-----
Ranged Weapons | 6 7 8 |  8.6
Short Blades   | 3 5 |  5.1
Dodging        | 3 |  3.3
Fighting       | |  1.5
Stealth        | |  1.2

Action                     |  1- 3 |  4- 6 |  7- 9 || total
---------------------------+-------+-------+-------++-------
  Melee: Unarmed           |       |    22 |       ||    22
         Short sword       |       |     5 |     4 ||     9
   Fire: Shortbow          |    93 |   184 |    13 ||   290
    Use: Potion            |       |       |     1 ||     1
 Armour: Leather armour    |    12 |    32 |     6 ||    50
         Skin              |       |     5 |       ||     5
  Dodge: Dodged            |    12 |    44 |     7 ||    63

Table legend: (Time is in decaauts)
 A = Elapsed time spent in this place.
 B = Non-inter-level travel time spent in this place.
 C = Inter-level travel time spent in this place.
 D = Time resting spent in this place.
 E = Time spent auto-exploring this place.
 F = Levels seen in this place.
 G = Mean time per level.
                   A        B        C        D        E       F      G
               +--------+--------+--------+--------+--------+-----+--------+
         Total |   4275 |   4083 |    192 |      4 |   3507 |   7 |  610.7 |
       Dungeon |   4237 |   4083 |    154 |      4 |   3507 |   6 |  706.2 |
        Temple |     38 |      1 |     37 |      0 |      0 |   1 |   38.0 |
               +--------+--------+--------+--------+--------+-----+--------+

Top non-repeatable levels by time:
     D:2: 1163 daAuts
     D:4: 801 daAuts
     D:1: 790 daAuts
     D:5: 747 daAuts
     D:3: 702 daAuts
  Temple: 38 daAuts
     D:6: 32 daAuts
